 Dungeon Crawl Stone Soup version 0.20.1-1-g8b1a95d (webtiles) character file.

2119 TlMTHEENCHANTER the Martial Artist (level 9, -1/53 HPs)
             Began as an Octopode Transmuter on July 5, 2017.
             Was an Initiate of Gozag.
             Splashed by a jelly's acid (10 damage)
             ... on level 5 of the Dungeon on July 6, 2017.
             The game lasted 01:25:14 (9618 turns).

TlMTHEENCHANTER the Martial Artist (OpTm)           Turns: 9618, Time: 01:25:14

Health: -1/53      AC: -3    Str: 10    XL:     9   Next: 29%
Magic:  14/14      EV: 13    Int: 15    God:    Gozag
Gold:   102        SH:  0    Dex: 15    Spells: 9/15 levels left

rFire    . . .     SeeInvis .     - Unarmed
rCold    . . .     Gourm    .   (no shield)
rNeg     . . .     Faith    .   (helmet restricted)
rPois    .         Spirit   .   (no amulet)
rElec    .         Reflect  .   (no ring)
rCorr    .         Harm     .   (no ring)
MR       .....                  (no ring)
Stlth    ++........             (no ring)
Regen    0.2/turn               (no ring)
MPRegen  0.2/turn               (no ring)
                                (no ring)
                                (no ring)

@: corroded
A: almost no armour, stealthy swim, amphibious, 8 rings, constrict 8, camouflage
1, gelatinous body 1
a: Potion Petition, Call Merchant, Bribe Branch, Renounce Religion


You were on level 5 of the Dungeon.
You worshipped Gozag.
Gozag was aware of your devotion.
You were not hungry.

You visited 1 branch of the dungeon, and saw 6 of its levels.

You collected 950 gold pieces.
You spent 297 gold pieces at shops.
You paid 551 gold pieces to Gozag.

Inventory:

Hand Weapons
 g - a +1 club
Missiles
 a - 17 arrows
 d - 21 poisoned needles
 e - 65 stones (quivered)
Jewellery
 r - a cursed -2 ring of intelligence {unknown}
Wands
 y - a wand of flame (21/48)
Scrolls
 c - a scroll of noise {unknown}
 h - a scroll of immolation {unknown}
 i - 2 scrolls of remove curse {unknown}
 l - a scroll of enchant armour {unknown}
 n - 2 scrolls of recharging {unknown}
 o - a scroll of amnesia {unknown}
 q - 3 scrolls of identify
 s - a scroll of enchant weapon
 t - a scroll of blinking {unknown}
 v - a scroll of magic mapping {unknown}
Potions
 f - 2 potions of degeneration
 j - a potion of ambrosia {unknown}
 k - 4 potions of curing {unknown}
 m - a potion of lignification {unknown}
 p - 2 potions of magic {unknown}
Books
 b - a book of Changes

   Spells                             Type                      Level
   a - Beastly Appendage              Transmutation                1
   b - Sticks to Snakes               Transmutation                2
   c - Spider Form                    Transmutation/Poison         3
   d - Ice Form                       Ice/Transmutation            4
   e - Blade Hands                    Transmutation                5
 u - a book of Debilitation

   Spells                             Type                      Level
   a - Corona                         Hexes                        1
   b - Slow                           Hexes                        2
   c - Inner Flame                    Hexes/Fire                   3
   d - Portal Projectile              Hexes/Translocation          3
   e - Cause Fear                     Hexes                        4
   f - Leda's Liquefaction            Hexes/Earth                  4
Comestibles
 w - 2 meat rations
 x - 4 bread rations


   Skills:
 - Level 1.0 Fighting
 - Level 2.0 Dodging
 + Level 8.7 Unarmed Combat
 + Level 3.7 Spellcasting
 * Level 7.5 Transmutations
 + Level 3.9 Poison Magic


You had 9 spell levels left.
You knew the following spells:

 Your Spells              Type           Power        Failure   Level  Hunger
a - Beastly Appendage     Tmut           ####..       1%          1    None
b - Sticks to Snakes      Tmut           ####....     1%          2    ##.....
c - Spider Form           Tmut/Pois      ###.......   5%          3    ###....


Dungeon Overview and Level Annotations

Branches:
Dungeon (6/15)
 Temple: D:4-7

Altars:
Gozag
Nemelex Xobeh
Okawaru

Shops:
D:4 %

Annotations:
D:6 exclusion: orc priest


Innate Abilities, Weirdness & Mutations

You cannot wear most types of armour.
You are very stealthy in the water. (Stealth+)
You are amphibious.
You can wear up to eight rings at the same time.
You can use your tentacles to constrict eight enemies at once.
Your skin changes colour to match your surroundings (Stealth+).
Your rubbery body absorbs attacks. (AC +1, EV +1)


Message History

23 gold pieces; an uncursed shortbow; 24 arrows You start resting.
The jelly quivers.
You bludgeon the jelly! The acid corrodes you!
Your tentacles burn!
The jelly is heavily wounded.
The jelly hits you.
You are splashed with acid!
The acid burns!
You tentacle-slap the jelly.
Your tentacles burn!
You tentacle-slap the jelly.
The jelly is severely wounded.
The jelly hits you.
You are splashed with acid!
The acid burns!
* * * LOW HITPOINT WARNING * * *
You tentacle-slap the jelly but do no damage.
Your tentacles burn!
* * * LOW HITPOINT WARNING * * *
You squeeze the jelly, but do no damage.
The jelly is severely wounded.
The jelly hits you.
* * * LOW HITPOINT WARNING * * *
You are splashed with acid!
The acid burns!
You die...
Your body crumbles into a pile of gold.

#.......# #.#
#.#########.#
#.#......(..+
#....########
#....# #....#
#...(###
#.#..J.#
#.####@# #.#
#.# . [. #.#
....####.#
Z......Z.#
.>..###### .


You could see a jelly and a bullfrog skeleton (wandering).

Vanquished Creatures
  Grinder (D:5)
  Sigmund (D:3)
  4 phantoms
  2 ogres
  An orc warrior (D:6)
  2 centaurs
  3 bullfrogs (D:6)
  2 scorpions
  A crimson imp (D:6)
  A howler monkey (D:4)
  2 hounds
  A jelly (D:5)
  A quasit (D:6)
  A gnoll shaman (D:5)
  An orc priest (D:6)
  A bullfrog skeleton (D:5)
  Crazy Yiuf (D:3)
  An iguana (D:5)
  2 worker ants
  Terence (D:3)
  2 hound skeletons
  Robin (D:2)
  3 gnolls (D:5)
  4 adders
  An ooze (D:2)
  An adder zombie (D:5)
  An adder skeleton (D:6)
  4 worms
  3 dart slugs
  4 leopard geckos
  5 orcs
  5 bats
  8 giant cockroaches
  18 goblins
  16 hobgoblins
  16 jackals
  10 kobolds
  4 quokkas
  4 ball pythons
  4 frilled lizards
  A jackal skeleton (D:4)
  A leopard gecko skeleton (D:6)
  A leopard gecko zombie (D:6)
  12 rats
159 creatures vanquished.

Vanquished Creatures (collateral kills)
  2 wights (D:6)
2 creatures vanquished.

Grand Total: 161 creatures vanquished

Notes
Turn   | Place    | Note
-------+----------+-------------------------------------------
     0 | D:1      | TlMTHEENCHANTER the Octopode Transmuter began the quest for the Orb.
     0 | D:1      | Reached XP level 1. HP: 13/13 MP: 3/3
   250 | D:1      | Reached XP level 2. HP: 17/18 MP: 5/5
   257 | D:1      | Learned a level 2 spell: Sticks to Snakes
   655 | D:1      | Reached XP level 3. HP: 18/23 MP: 6/6
  1260 | D:2      | Reached skill level 4 in Unarmed Combat
  1573 | D:2      | Reached XP level 4. HP: 28/28 MP: 7/7
  1579 | D:2      | Found a faded altar of an unknown god.
  1581 | D:2      | Became a worshipper of Gozag Ym Sagoz the Greedy
  1704 | D:2      | Noticed Robin
  2605 | D:3      | Reached XP level 5. HP: 27/33 MP: 8/8
  2735 | D:3      | Found a sparkling altar of Nemelex Xobeh.
  2735 | D:3      | Noticed Sigmund
  2750 | D:4      | Noticed a phantom
  2760 | D:4      | Reached skill level 5 in Unarmed Combat
  2961 | D:4      | Learned a level 3 spell: Spider Form
  3270 | D:4      | Reached XP level 6. HP: 34/38 MP: 9/9
  3348 | D:4      | Noticed a phantom
  3401 | D:4      | Killed a phantom
  3401 | D:4      | Reached skill level 6 in Unarmed Combat
  3640 | D:4      | Found an iron altar of Okawaru.
  4224 | D:5      | Entered Level 5 of the Dungeon
  4224 | D:5      | Noticed Grinder
  4807 | D:3      | Killed a phantom
  4807 | D:3      | Reached XP level 7. HP: 12/43 MP: 7/10
  5278 | D:2      | Killed Robin
  5740 | D:3      | Found a runed door.
  5974 | D:3      | Noticed Crazy Yiuf
  5974 | D:3      | Noticed Terence
  5978 | D:3      | Killed Terence
  5981 | D:3      | Killed Crazy Yiuf
  6366 | D:3      | Killed Sigmund
  6366 | D:3      | Reached skill level 7 in Unarmed Combat
  6366 | D:3      | Reached skill level 5 in Transmutations
  6979 | D:6      | Reached skill level 8 in Unarmed Combat
  6979 | D:6      | Reached XP level 8. HP: 48/48 MP: 7/11
  7228 | D:6      | Reached skill level 1 in Poison Magic
  8481 | D:6      | Reached XP level 9. HP: 33/53 MP: 13/13
  8761 | D:4      | Bought a meat ration for 55 gold pieces
  8761 | D:4      | Bought a bread ration for 55 gold pieces
  8761 | D:4      | Bought a royal jelly for 22 gold pieces
  8761 | D:4      | Bought a bread ration for 55 gold pieces
  8761 | D:4      | Bought a meat ration for 55 gold pieces
  8761 | D:4      | Bought a bread ration for 55 gold pieces
  8817 | D:5      | Paralysed by Grinder for 4 turns
  8824 | D:5      | Killed Grinder
  9618 | D:5      | Splashed by a jelly's acid

Skill      XL: |  1  2  3  4  5  6  7  8  9 |
---------------+----------------------------+-----
Unarmed Combat | 4 5 6 8 |  8.7
Transmutations | 3 4 5 6 7 |  7.5
Poison Magic   | 3 |  3.9
Spellcasting   | 3 |  3.7
Fighting       | |  1.0
Dodging        | |  2.0

Action                   |  1- 3 |  4- 6 |  7- 9 || total
-------------------------+-------+-------+-------++-------
Melee: Unarmed           |   106 |   136 |   236 ||   478
       Constrict         |    25 |    28 |    35 ||    88
       Tentacles         |    16 |    23 |    38 ||    77
       Punch             |     5 |     6 |     8 ||    19
       Kick              |     2 |     9 |     5 ||    16
Throw: Stone             |       |    46 |    49 ||    95
 Cast: Beastly Appendage |     2 |     6 |     3 ||    11
       Sticks to Snakes  |       |     6 |     7 ||    13
       Spider Form       |       |       |     7 ||     7
Invok: Potion Petition   |       |     1 |       ||     1
       Call Merchant     |       |       |     1 ||     1
  Use: Scroll            |     3 |       |       ||     3
 Stab: Distracted        |     1 |     1 |     2 ||     4
       Sleeping          |     1 |     4 |     2 ||     7
       Invisible         |       |     1 |       ||     1
  Eat: Chunk             |     2 |     1 |       ||     3
       Bread ration      |       |     1 |     1 ||     2
       Fruit             |       |     4 |       ||     4
       Meat ration       |       |     1 |     2 ||     3
       Royal jelly       |       |       |     1 ||     1
Armor: Skin              |     3 |     1 |     6 ||    10
Dodge: Dodged            |    50 |    64 |   104 ||   218
